 Dungeon Crawl Stone Soup version bcrawl-1.32 (webtiles) character file.

Game seed: 9962761408756704046

110674 Morbidden the Sneak (level 3, 26/26 HPs)
             Began as a Demonspawn Archaeologist on June 27, 2021.
             Quit the game on level 1 of the Dungeon.
             The game lasted 00:01:29 (988 turns).

Morbidden the Sneak (Demonspawn Archaeologist)       Turns: 988, Time: 00:01:30

Health: 26/26      AC:  6    Str: 12    XL:     3   Next: 3%
Magic:  3/3        EV: 13    Int: 15    God:
Gold:   92         SH:  0    Dex: 11    Spells: 2/2 levels left

rFire    . . .     SeeInvis .   a - +0 short sword
rCold    . . .     Gourm    .   (no shield)
rNeg     . . .     Faith    .   c - +1 robe
rPois    .         Spirit   .   d - +1 hat
rElec    .         Reflect  .   (no cloak)
rCorr    .         Harm     .   (no gloves)
MR       .....                  o - +1 pair of boots
Stlth    ++........             (no amulet)
HPRegen  0.08/turn              (no ring)
MPRegen  0.08/turn              (no ring)

@: no status effects
A: antennae 1, demonic guardian 1
a: no special abilities


You were on level 1 of the Dungeon.
You were not hungry.

You visited 1 branch of the dungeon, and saw 1 of its levels.

You collected 92 gold pieces.

Inventory:

Hand Weapons
 a - a +0 short sword (weapon)
 b - a +0 blowgun
Missiles
 f - 6 curare-tipped needles
Armour
 c - a +1 robe (worn)
 d - a +1 hat (worn)
 o - a +1 pair of boots (worn)
Scrolls
 g - a scroll of magic mapping
 i - 2 scrolls of identify
 l - a scroll of fear {unknown}
 p - a scroll of enchant armour {unknown}
 q - 2 scrolls of enchant weapon {unknown}
Potions
 j - a potion of mutation {unknown}
 k - 2 potions of brilliance {unknown}
 n - a potion of flight {unknown}
Miscellaneous
 h - a dusty tome
Comestibles
 e - 2 rations {!d}
 m - 3 chunks of flesh


   Skills:
 + Level 1.1 Fighting
 + Level 0.1 Short Blades
   Level 0.8 Maces & Flails
 + Level 3.1 Dodging
 + Level 3.7 Stealth


You had 2 spell levels left.
You didn't know any spells.
Your spell library was empty.

Dungeon Overview and Level Annotations

Branches:
Dungeon (1/12)

Altars:


Innate Abilities, Weirdness & Mutations

You have a pair of small antennae on your head.
A weak demonic guardian rushes to your aid.


Message History

The leopard gecko barely misses you.
You hit the leopard gecko but do no damage.
The leopard gecko barely misses you.
You barely miss the leopard gecko. The leopard gecko misses you.
A leopard gecko is nearby!
You closely miss the leopard gecko. The leopard gecko closely misses you.
A leopard gecko is nearby!
You hit the leopard gecko but do no damage.
The leopard gecko bites you but does no damage.
You hit the leopard gecko.
You kill the leopard gecko!
You have reached level 3!
Your experience leads to an increase in your attributes!
Increase (S)trength, (I)ntelligence, or (D)exterity?
You feel stronger.
You feel monstrous as your demonic heritage exerts itself.
Your demonic ancestry asserts itself...
A pair of antennae grows on your head!
A rat comes into view.
Are you sure you want to abandon this character and quit the game? (Confirm with "yes".)

# # .# #
#.## ######
#..# .(...#
#.?# ####.#
#..# #.#
#..# #.#
.#######..#
#.##
.?..r..@..#
#..#
##.#####..#
##.# #.##
#.# #.# #.#
#.# #.# #.#
#.# #.# #.#
####.# #
#.# ..##.#


You could see a rat (sleeping).

Vanquished Creatures
  4 leopard geckos (D:1)
  A bat (D:1)
  2 goblins (D:1)
  2 hobgoblins (D:1)
  8 kobolds (D:1)
  A ball python (D:1)
  3 frilled lizards (D:1)
  5 rats (D:1)
26 creatures vanquished.

Notes
Turn   | Place    | Note
-------+----------+-------------------------------------------
     0 | D:1      | Morbidden the Demonspawn Archaeologist began the quest for
                  | the Orb.
     0 | D:1      | Reached XP level 1. HP: 15/15 MP: 1/1
   341 | D:1      | Gained mutation: A weak demonic guardian rushes to your
                  | aid. [demonic ancestry]
   341 | D:1      | Reached XP level 2. HP: 14/21 MP: 2/2
   981 | D:1      | Gained mutation: You have a pair of small antennae on your
                  | head. [demonic ancestry]
   981 | D:1      | Reached XP level 3. HP: 26/26 MP: 3/3
   988 | D:1      | Quit the game

Skill      XL: |  1  2 |
---------------+-------+-----
Dodging        | 3 |  3.1
Fighting       | |  1.1
Short Blades   | |  0.1
Maces & Flails | |  0.8
Stealth        | |  3.7

Action                   || total
-------------------------++-------
Melee: Whip              ||    83
       Short sword       ||    26
 Stab: Sleeping          ||     5
  Eat: Chunk             ||     3
Armor: Robe              ||    40
Dodge: Dodged            ||    76
